 Dungeon Crawl Stone Soup version 0.29.0-4-gdea44cf6ec (webtiles) character file.

Game seed: 3227893449459883837

2478 qw the Cleaver (level 9, -3/79 HPs)
             Began as a Minotaur Berserker on Sept 8, 2022.
             Was a Follower of Trog.
             Shot with an arrow by a centaur (10 damage)
             ... on level 6 of the Dungeon.
             The game lasted 00:03:14 (12187 turns).

qw the Cleaver (Minotaur Berserker)                Turns: 12187, Time: 00:03:14

Health: -3/79      AC: 14    Str: 24    XL:     9   Next: 27%
Magic:  8/8        EV:  9    Int:  8    God:    Trog [*.....]
Gold:   125        SH:  0    Dex: 16    Spells: 8/8 levels left

rFire   . . .      SeeInvis .   Y - +1 hand axe
rCold   . . .      Faith    .   (no shield)
rNeg    . . .      Spirit   .   n - +0 chain mail
rPois   .          Reflect  .   (helmet restricted)
rElec   .          Harm     .   i - +0 cloak
rCorr   .          Rampage  .   e - +1 pair of gloves
Will    +....                   p - +0 pair of boots
Stlth   ..........              (no amulet)
HPRegen 0.23/turn               h - ring of willpower
MPRegen 0.11/turn               c - +6 ring of dexterity

@: no status effects
A: horns 2, retaliatory headbutt, clever 1, high MP 1
a: Renounce Religion, Berserk


You were on level 6 of the Dungeon.
You worshipped Trog.
Trog was aware of your devotion.
You visited 1 branch of the dungeon, and saw 6 of its levels.

You collected 268 gold pieces.
You spent 143 gold pieces at shops.


Innate Abilities, Weirdness & Mutations

You have a pair of horns on your head.
You reflexively headbutt those who attack you in melee.
Your mind is acute. (Int +4, Str/Dex -1)
You have an increased reservoir of magic. (+10% MP)


   Skills:
 - Level 7.1 Fighting
 - Level 13.0 Axes
 + Level 5.3 Armour
 - Level 3.0 Dodging


You had 8 spell levels left.
You didn't know any spells.
Your spell library was empty.

Inventory:

Hand Weapons
 d - a +0 morningstar
 Y - a +1 hand axe (weapon)
Armour
 b - a +0 plate armour
 e - a +1 pair of gloves (worn)
 i - a +0 cloak (worn)
 n - a +0 chain mail (worn)
 p - a +0 pair of boots (worn)
Jewellery
 c - a +6 ring of dexterity (right hand)
 f - a ring of ice
 h - a ring of willpower (left hand)
Scrolls
 a - a scroll of identify
Potions
 g - a potion of cancellation {unknown}
 j - 2 potions of curing
 k - 2 potions of haste
 o - a potion of might

Dungeon Overview and Level Annotations

Branches:
Dungeon (6/15)             Temple (0/1) D:4

Altars:
Kikubaaqudgha
Nemelex Xobeh
Vehumet

Shops:
D:4 [=[*

Annotations:
D:4 1 runed translucent door, qw's ghost, amateur GrFi
D:5 1 runed translucent door, Crazy Yiuf
D:6 3 runed translucent doors, qw's ghost, novice MiFi


Message History

The centaur shoots an arrow.
The arrow hits you!
12164 ||| FLEEEEING.
The centaur shoots an arrow.
The arrow hits you.
The centaur shoots an arrow.
The arrow misses you.
12165 ||| FLEEEEING.
The centaur shoots an arrow.
The arrow hits you but does no damage.
12166 ||| FLEEEEING.
The centaur shoots an arrow.
The arrow barely misses you.
The centaur shoots an arrow.
The arrow hits you.
12167 ||| FLEEEEING.
The centaur shoots an arrow.
The arrow hits you but does no damage.
12168 ||| FLEEEEING.
The centaur shoots an arrow.
The arrow hits you.
The centaur shoots an arrow.
The arrow hits you.
12169 ||| FLEEEEING.
The centaur shoots an arrow.
The arrow hits you.
The centaur shoots an arrow.
The arrow hits you!
The centaur shoots an arrow.
The arrow hits you.
The centaur shoots an arrow.
The arrow hits you but does no damage.
The centaur shoots an arrow.
The arrow closely misses you.
The centaur shoots an arrow.
The arrow barely misses you.
The centaur shoots an arrow.
The arrow barely misses you.
The centaur shoots an arrow.
The arrow hits you!
The centaur shoots an arrow.
The arrow hits you.
The centaur shoots an arrow.
The arrow hits you.
The centaur shoots an arrow.
The arrow hits you but does no damage.
The centaur shoots an arrow.
The arrow hits you.
The centaur shoots an arrow.
The arrow barely misses you.
The centaur shoots an arrow.
The arrow hits you.
The centaur shoots an arrow.
The arrow barely misses you.
The centaur shoots an arrow.
The arrow hits you!
The centaur shoots an arrow.
The arrow hits you.
The centaur shoots an arrow.
The arrow closely misses you.
The centaur shoots an arrow.
The arrow hits you!
The centaur shoots an arrow.
The arrow barely misses you.
The centaur shoots an arrow.
The arrow completely misses you.
The centaur shoots an arrow.
The arrow hits you.
The centaur shoots an arrow.
The arrow hits you.
The centaur shoots an arrow.
The arrow hits you!
You die...

##.....)....................
#.##.....#....#####.#######
#.######.#....#.....#......
#.# #......#.....#.##### #.#
##.....#.....#.# #.#
#.....#.....#.# ####.#
##.####.....#.#
#....########...##.....#)#####
#.##.........@..)))..........#
#.~~~~~~~~~~~~~.##..).#......#
#.~~~~~~~~~~~~~.#######......#
#.~~~~~~~~c~~~~..#######.#####
#.~~~~~~~~~~~~~........#.#
#.~~~~~~~~~~~~~....###.#.# ###
##~~~~~...~~~~~.#.)..#.#.# #..
#~~~~~...~~~~~.#.#....#.# #..
#~)~~~...~~~~~.#...<..#.###.[


You could see a centaur.

Vanquished Creatures
  A hornet (D:5)
  Grinder (D:5)
  A steam dragon (D:4)
  A black bear (D:4)
  3 ogres
  3 centaurs
  3 necrophages (D:5)
  3 scorpions
  2 wights (D:5)
  A bullfrog zombie (D:5)
  2 jellies (D:6)
  2 hounds
  A centaur zombie (D:5)
  A human zombie (D:5)
  A gnoll bouda (D:6)
  4 orc priests (D:5)
  Jessica (D:2)
  Terence (D:3)
  3 iguanas
  Natasha (twice) (D:2)
  4 orc wizards
  A killer bee zombie (D:5)
  A hound zombie (D:5)
  2 mummies (D:5)
  A howler monkey zombie (D:5)
  3 adders
  7 gnolls
  3 ufetubi
  2 worms
  A dart slug (D:4)
  12 orcs
  7 bats
  5 endoplasms
  3 giant cockroaches
  8 goblins
  4 hobgoblins
  2 jackals (D:2)
  A quokka (D:1)
  3 ball pythons (D:1)
  3 frilled lizards
  6 kobolds
  6 rats
122 creatures vanquished.

Vanquished Creatures (others)
  A fungus (D:1)
  A plant (D:1)
2 creatures vanquished.

Grand Total: 124 creatures vanquished

Notes
Turn   | Place    | Note
-------+----------+-------------------------------------------
     0 | D:1      | qw the Minotaur Berserker began the quest for the Orb.
     0 | D:1      | Reached XP level 1. HP: 19/19 MP: 0/0
     0 | D:1      | 0 ||| qw: Version: 0.1-a-112-g44dc6cd
     0 | D:1      | 0 ||| qw: Game counter: 6651
     0 | D:1      | 0 ||| qw: Always use a shield: true
     0 | D:1      | 0 ||| qw: Do Orc after D:15 true
     0 | D:1      | 0 ||| qw: Do second Lair branch before Depths: true
     0 | D:1      | 0 ||| qw: Lair rune preference: random
     0 | D:1      | 0 ||| qw: Plans: Normal
     0 | D:1      | 0 ||| PLANNING D:1-11
    40 | D:1      | Found a faded altar of an unknown god.
   157 | D:1      | Reached skill level 4 in Axes
   297 | D:1      | 297 ||| INVOKING Berserk.
   299 | D:1      | Reached XP level 2. HP: 19/26 MP: 1/1
   879 | D:1      | 879 ||| Stepping ~*~*~tactically~*~*~ (stealth).
   913 | D:1      | 913 ||| UPGRADING to +0 ring mail.
   923 | D:1      | 923 ||| DROPPING +0 animal skin.
   924 | D:1      | 924 ||| UPGRADING to ring of willpower.
   925 | D:1      | 925 ||| READING scroll labelled ZOTAGHUNERY.
   928 | D:1      | 928 ||| READING scroll labelled JITOLO VUMAU.
   929 | D:1      | 929 ||| READING scroll labelled PESUJ GERCHAWER.
   930 | D:1      | 930 ||| READING scroll labelled VUNOMO FOMANOD.
   931 | D:1      | 931 ||| DRINKING 2 lumpy coppery potions.
   931 | D:1      | Gained mutation: You are frail. (-10% HP) [potion of
                  | mutation]
   931 | D:1      | Gained mutation: You are agile. (Dex +4, Str/Int -1)
                  | [potion of mutation]
   931 | D:1      | Gained mutation: Your spells are a little harder to cast,
                  | but a little more powerful. [potion of mutation]
   932 | D:1      | 932 ||| DRINKING potion of mutation.
   932 | D:1      | Lost mutation: You are agile. (Dex +4, Str/Int -1) [potion
                  | of mutation]
   932 | D:1      | Lost mutation: You are frail. (-10% HP) [potion of
                  | mutation]
   932 | D:1      | Lost mutation: Your spells are a little harder to cast, but
                  | a little more powerful. [potion of mutation]
   932 | D:1      | Gained mutation: You have an increased reservoir of magic.
                  | (+10% MP) [potion of mutation]
   932 | D:1      | Gained mutation: Your mind is acute. (Int +4, Str/Dex -1)
                  | [potion of mutation]
  1042 | D:2      | 1042 ||| INVOKING Berserk.
  1045 | D:2      | Reached skill level 5 in Axes
  1214 | D:2      | 1214 ||| INVOKING Berserk.
  1217 | D:2      | Reached XP level 3. HP: 31/31 MP: 2/2
  1286 | D:2      | 1286 ||| DROPPING +0 mace.
  1499 | D:2      | Reached skill level 6 in Axes
  1499 | D:2      | Reached XP level 4. HP: 39/39 MP: 3/3
  1539 | D:2      | 1539 ||| Stepping ~*~*~tactically~*~*~ (stealth).
  1540 | D:2      | Noticed Natasha
  1546 | D:2      | 1546 ||| INVOKING Berserk.
  1549 | D:2      | Killed Natasha
  1696 | D:2      | Noticed Jessica
  1698 | D:2      | Killed Jessica
  1956 | D:2      | Reached ** piety under Trog
  2012 | D:2      | Reached skill level 7 in Axes
  2012 | D:2      | Reached XP level 5. HP: 26/45 MP: 4/4
  2286 | D:2      | Noticed Natasha
  2287 | D:2      | 2287 ||| Stepping ~*~*~tactically~*~*~ (stealth).
  2288 | D:2      | 2288 ||| Stepping ~*~*~tactically~*~*~ (stealth).
  2290 | D:2      | 2290 ||| INVOKING Berserk.
  2293 | D:2      | Killed Natasha
  2437 | D:2      | 2437 ||| UPGRADING to +6 ring of dexterity.
  2438 | D:2      | 2438 ||| READING scroll labelled BIAFUO JUFANEE.
  2439 | D:2      | 2439 ||| READING scroll labelled PECYD FOHI.
  2440 | D:2      | 2440 ||| DRINKING 2 inky potions.
  2544 | D:2      | 2544 ||| DROPPING potion of berserk rage.
  2729 | D:3      | 2729 ||| Stepping ~*~*~tactically~*~*~ (stealth).
  2757 | D:3      | 2757 ||| Stepping ~*~*~tactically~*~*~ (stealth).
  2758 | D:3      | 2758 ||| Stepping ~*~*~tactically~*~*~ (stealth).
  3327 | D:3      | Noticed Terence
  3330 | D:3      | 3330 ||| INVOKING Berserk.
  3331 | D:3      | Killed Terence
  3565 | D:3      | 3565 ||| UPGRADING to +0 cloak.
  3570 | D:3      | 3570 ||| UPGRADING to +0 chain mail.
  3580 | D:3      | 3580 ||| DROPPING +0 ring mail.
  3581 | D:3      | 3581 ||| READING scroll labelled XEALUMM KOCS.
  3582 | D:3      | 3582 ||| READING scroll labelled PYIPHILOGG.
  3583 | D:3      | 3583 ||| DRINKING 2 yellow potions.
  3584 | D:3      | 3584 ||| DRINKING 2 amethyst potions.
  3585 | D:3      | 3585 ||| DRINKING 2 red potions.
  3586 | D:3      | 3586 ||| READING 2 scrolls of identify.
  3586 | D:3      | 3586 ||| IDENTIFYING glowing white potion
  3587 | D:3      | 3587 ||| DROPPING potion of brilliance.
  3639 | D:4      | 3639 ||| STAIRDANCE
  3740 | D:4      | 3740 ||| Stepping ~*~*~tactically~*~*~ (stealth).
  3757 | D:4      | Found Penena's Jewellery Boutique.
  3762 | D:4      | 3762 ||| SHOPLISTING +4 ring of slaying (936 gold, have
                  | 130).
  3762 | D:4      | 3762 ||| SHOPLISTING amulet of reflection (360 gold, have
                  | 130).
  3762 | D:4      | 3762 ||| SHOPLISTING ring "Nuarusec" {rPois rN+ Int+4} (475
                  | gold, have 130).
  3762 | D:4      | 3762 ||| SHOPLISTING ring of fire (300 gold, have 130).
  3762 | D:4      | 3762 ||| SHOPLISTING ring of protection from fire (300
                  | gold, have 130).
  3783 | D:4      | Reached skill level 8 in Axes
  3783 | D:4      | Reached XP level 6. HP: 49/52 MP: 5/5
  3811 | D:4      | 3811 ||| FLEEEEING.
  3812 | D:4      | 3812 ||| FLEEEEING.
  3813 | D:4      | 3813 ||| FLEEEEING.
  3815 | D:4      | 3815 ||| FLEEEEING.
  3816 | D:4      | 3816 ||| FLEEEEING.
  3817 | D:4      | 3817 ||| FLEEEEING.
  3819 | D:4      | 3819 ||| FLEEEEING.
  3820 | D:4      | 3820 ||| FLEEEEING.
  3821 | D:4      | 3821 ||| FLEEEEING.
  3822 | D:4      | 3822 ||| FLEEEEING.
  3823 | D:4      | 3823 ||| FLEEEEING.
  3824 | D:4      | 3824 ||| FLEEEEING.
  3825 | D:4      | 3825 ||| FLEEEEING.
  3826 | D:4      | 3826 ||| FLEEEEING.
  3827 | D:4      | 3827 ||| FLEEEEING.
  3828 | D:4      | 3828 ||| STAIRDANCE
  3864 | D:3      | 3864 ||| READING 2 scrolls labelled QEOX REGICW.
  3865 | D:3      | 3865 ||| DROPPING scroll of magic mapping.
  3898 | D:4      | 3898 ||| DROPPING +0 flail.
  3935 | D:4      | 3935 ||| Stepping ~*~*~tactically~*~*~ (hiding).
  3938 | D:4      | 3938 ||| Stepping ~*~*~tactically~*~*~ (hiding).
  3944 | D:4      | 3944 ||| INVOKING Berserk.
  4078 | D:4      | Found Nosalo's Antique Armour Shop.
  4084 | D:4      | 4084 ||| SHOPLISTING +3 pair of gauntlets of War {Slay+5}
                  | (1330 gold, have 148).
  4084 | D:4      | 4084 ||| SHOPLISTING bloodstained cloak (266 gold, have
                  | 148).
  4084 | D:4      | 4084 ||| SHOPLISTING glowing hat (196 gold, have 148).
  4084 | D:4      | 4084 ||| BUYING pair of gloves (126 gold).
  4084 | D:4      | Bought a pair of gloves for 126 gold pieces
  4084 | D:4      | 4084 ||| SHOPLISTING pair of glowing gloves (210 gold, have
                  | 22).
  4084 | D:4      | 4084 ||| SHOPLISTING runed ring mail (196 gold, have 22).
  4100 | D:4      | 4100 ||| INVOKING Berserk.
  4265 | D:4      | Noticed a steam dragon
  4267 | D:4      | 4267 ||| INVOKING Berserk.
  4272 | D:4      | Killed a steam dragon
  4273 | D:4      | Reached skill level 9 in Axes
  4273 | D:4      | Reached XP level 7. HP: 59/59 MP: 6/6
  4468 | D:4      | Reached skill level 3 in Armour
  4587 | D:4      | 4587 ||| INVOKING Berserk.
  4728 | D:4      | Found Ixzufan's Armour Emporium.
  4737 | D:4      | 4737 ||| SHOPLISTING +0 buckler (63 gold, have 29).
  4737 | D:4      | 4737 ||| SHOPLISTING +0 plate armour (322 gold, have 29).
  4737 | D:4      | 4737 ||| SHOPLISTING +1 plate armour of poison resistance
                  | (448 gold, have 29).
  4743 | D:4      | Found Liniqed's Assorted Antiques.
  4752 | D:4      | 4752 ||| SHOPLISTING 2 silvery potions (34 gold, have 29).
  4752 | D:4      | 4752 ||| BUYING fuming orange potion (17 gold).
  4752 | D:4      | Bought a fuming orange potion for 17 gold pieces
  4752 | D:4      | 4752 ||| SHOPLISTING fuming orange potion (17 gold, have
                  | 12).
  4752 | D:4      | 4752 ||| SHOPLISTING scroll labelled GIPREBLURO (19 gold,
                  | have 12).
  4752 | D:4      | 4752 ||| SHOPLISTING scroll of identify (38 gold, have 12).
  4769 | D:4      | Found a runed translucent door.
  4770 | D:4      | Noticed qw's ghost (amateur GrFi)
  4827 | D:4      | Found Xuilulul's Antique Armour Boutique.
  5094 | D:4      | Found a staircase to the Ecumenical Temple.
  5381 | D:4      | 5381 ||| UPGRADING to +0 pair of gloves.
  5386 | D:4      | 5386 ||| UPGRADING to +0 pair of boots.
  5391 | D:4      | 5391 ||| READING 2 scrolls labelled XEOTOSS ZALE.
  5392 | D:4      | 5392 ||| READING scroll of enchant armour.
  5392 | D:4      | 5392 ||| ENCHANTING +0 pair of gloves.
  5393 | D:4      | 5393 ||| READING 2 scrolls labelled UCUBRI FUALOGHUGA.
  5535 | D:4      | 5535 ||| READING 5 scrolls of identify.
  5535 | D:4      | 5535 ||| IDENTIFYING murky orange potion
  5536 | D:4      | 5536 ||| READING 4 scrolls of identify.
  5536 | D:4      | 5536 ||| IDENTIFYING fuming orange potion
  5537 | D:4      | 5537 ||| DROPPING potion of magic.
  5538 | D:4      | 5538 ||| DROPPING potion of ambrosia.
  5539 | D:4      | 5539 ||| DROPPING scroll of torment.
  5564 | D:5      | Entered Level 5 of the Dungeon
  5569 | D:5      | 5569 ||| INVOKING Berserk.
  5692 | D:5      | 5692 ||| Stepping ~*~*~tactically~*~*~ (hiding).
  5694 | D:5      | 5694 ||| INVOKING Berserk.
  5698 | D:5      | Reached skill level 10 in Axes
  5857 | D:5      | Found a sparkling altar of Nemelex Xobeh.
  5857 | D:5      | Found a radiant altar of Vehumet.
  5908 | D:5      | 5908 ||| Stepping ~*~*~tactically~*~*~ (hiding).
  5915 | D:5      | Noticed Grinder
  5916 | D:5      | 5916 ||| INVOKING Trog's Hand.
  5919 | D:5      | 5919 ||| INVOKING Trog's Hand.
  5921 | D:5      | 5921 ||| INVOKING Berserk.
  5929 | D:5      | Killed Grinder
  5930 | D:5      | Reached XP level 8. HP: 73/73 MP: 7/7
  6269 | D:5      | Reached skill level 11 in Axes
  6373 | D:5      | Reached skill level 3 in Dodging
  6399 | D:5      | Found an ancient bone altar of Kikubaaqudgha.
  6449 | D:5      | 6449 ||| READING scroll labelled BIATAN LYAMP.
  6450 | D:5      | 6450 ||| READING 3 scrolls of teleportation.
  6465 | D:5      | Found a runed translucent door.
  6466 | D:5      | Noticed Crazy Yiuf
  6525 | D:5      | Noticed a hornet
  6526 | D:5      | 6526 ||| Stepping ~*~*~tactically~*~*~ (stealth).
  6527 | D:5      | 6527 ||| Stepping ~*~*~tactically~*~*~ (stealth).
  6537 | D:5      | Paralysed by a hornet for 1 turns
  6539 | D:5      | 6539 ||| INVOKING Berserk.
  6540 | D:5      | HP: 25/109 [poisoned by a hornet]
  6541 | D:5      | Killed a hornet
  6545 | D:5      | HP: 17/109 [poisoned by a hornet]
  6551 | D:5      | Reached XP level 9. HP: 14/79 MP: 8/8
  6551 | D:5      | HP: 13/118 [poisoned by a hornet]
  6554 | D:5      | HP: 5/79 [poisoned by a hornet]
  6835 | D:5      | 6835 ||| INVOKING Berserk.
  6839 | D:5      | Reached skill level 12 in Axes
  7163 | D:5      | 7163 ||| READING 3 scrolls of identify.
  7163 | D:5      | 7163 ||| IDENTIFYING lumpy amethyst potion
  7164 | D:5      | 7164 ||| DROPPING potion of attraction.
  7194 | D:6      | 7194 ||| INVOKING Berserk.
  7227 | D:6      | 7227 ||| FLEEEEING.
  7228 | D:6      | 7228 ||| FLEEEEING.
  7229 | D:6      | 7229 ||| FLEEEEING.
  7230 | D:6      | 7230 ||| STAIRDANCE
  7396 | D:6      | 7396 ||| FLEEEEING.
  7397 | D:6      | 7397 ||| FLEEEEING.
  7400 | D:6      | 7400 ||| STAIRDANCE
  7484 | D:5      | 7484 ||| READING 2 scrolls of identify.
  7484 | D:5      | 7484 ||| IDENTIFYING murky golden potion
  7630 | D:6      | Found a runed translucent gate.
  7630 | D:6      | Noticed qw's ghost (novice MiFi)
  7631 | D:6      | Found a runed translucent gate.
  7632 | D:6      | Found a runed translucent gate.
  7658 | D:6      | 7658 ||| Stepping ~*~*~tactically~*~*~ (stealth).
  7661 | D:6      | 7661 ||| FLEEEEING.
  7662 | D:6      | 7662 ||| FLEEEEING.
  7667 | D:6      | 7667 ||| STAIRDANCE
  7829 | D:6      | 7829 ||| FLEEEEING.
  7834 | D:6      | 7834 ||| STAIRDANCE
  7963 | D:6      | 7963 ||| FLEEEEING.
  7968 | D:6      | 7968 ||| STAIRDANCE
  8058 | D:6      | 8058 ||| FLEEEEING.
  8059 | D:6      | 8059 ||| FLEEEEING.
  8064 | D:6      | 8064 ||| STAIRDANCE
  8191 | D:6      | 8191 ||| FLEEEEING.
  8196 | D:6      | 8196 ||| STAIRDANCE
  8335 | D:6      | 8335 ||| FLEEEEING.
  8340 | D:6      | 8340 ||| STAIRDANCE
  8485 | D:6      | 8485 ||| FLEEEEING.
  8490 | D:6      | 8490 ||| STAIRDANCE
  8614 | D:6      | 8614 ||| FLEEEEING.
  8619 | D:6      | 8619 ||| STAIRDANCE
  8740 | D:6      | 8740 ||| FLEEEEING.
  8745 | D:6      | 8745 ||| STAIRDANCE
  8869 | D:6      | 8869 ||| FLEEEEING.
  8874 | D:6      | 8874 ||| STAIRDANCE
  8959 | D:6      | 8959 ||| FLEEEEING.
  8964 | D:6      | 8964 ||| STAIRDANCE
  9067 | D:6      | 9067 ||| FLEEEEING.
  9072 | D:6      | 9072 ||| STAIRDANCE
  9161 | D:6      | 9161 ||| FLEEEEING.
  9166 | D:6      | 9166 ||| STAIRDANCE
  9286 | D:6      | 9286 ||| FLEEEEING.
  9291 | D:6      | 9291 ||| STAIRDANCE
  9394 | D:6      | 9394 ||| FLEEEEING.
  9399 | D:6      | 9399 ||| STAIRDANCE
  9499 | D:6      | 9499 ||| FLEEEEING.
  9504 | D:6      | 9504 ||| STAIRDANCE
  9593 | D:6      | 9593 ||| FLEEEEING.
  9598 | D:6      | 9598 ||| STAIRDANCE
  9730 | D:6      | 9730 ||| FLEEEEING.
  9767 | D:6      | 9767 ||| FLEEEEING.
  9772 | D:6      | 9772 ||| STAIRDANCE
  9891 | D:6      | 9891 ||| FLEEEEING.
  9937 | D:6      | 9937 ||| FLEEEEING.
  9986 | D:6      | 9986 ||| FLEEEEING.
 10078 | D:6      | 10078 ||| FLEEEEING.
 10186 | D:6      | 10186 ||| FLEEEEING.
 10198 | D:6      | HP: 16/79 [centaur/arrow (4)]
 10199 | D:6      | 10199 ||| READING 3 scrolls of teleportation.
 10200 | D:6      | 10200 ||| DRINKING 3 potions of heal wounds.
 10202 | D:6      | 10202 ||| DRINKING 2 potions of heal wounds.
 10203 | D:6      | 10203 ||| INVOKING Berserk.
 10483 | D:6      | HP: 14/79 [centaur/arrow (8)]
 10484 | D:6      | 10484 ||| READING 2 scrolls of teleportation.
 10485 | D:6      | 10485 ||| DRINKING potion of heal wounds.
 10669 | D:6      | 10669 ||| FLEEEEING.
 10704 | D:6      | 10704 ||| FLEEEEING.
 10705 | D:6      | 10705 ||| FLEEEEING.
 10706 | D:6      | 10706 ||| FLEEEEING.
 10809 | D:6      | 10809 ||| INVOKING Berserk.
 10939 | D:6      | 10939 ||| FLEEEEING.
 10980 | D:6      | 10980 ||| FLEEEEING.
 10981 | D:6      | 10981 ||| FLEEEEING.
 11026 | D:6      | 11026 ||| FLEEEEING.
 11027 | D:6      | 11027 ||| FLEEEEING.
 11074 | D:6      | 11074 ||| FLEEEEING.
 11075 | D:6      | 11075 ||| FLEEEEING.
 11186 | D:6      | 11186 ||| FLEEEEING.
 11191 | D:6      | 11191 ||| INVOKING Berserk.
 11197 | D:6      | HP: 27/118 [centaur/arrow (9)]
 11199 | D:6      | 11199 ||| READING scroll of teleportation.
 11200 | D:6      | HP: 9/79 [centaur/arrow (9)]
 11553 | D:6      | 11553 ||| INVOKING Berserk.
 11564 | D:6      | 11564 ||| FLEEEEING.
 11681 | D:6      | 11681 ||| FLEEEEING.
 11736 | D:6      | 11736 ||| FLEEEEING.
 11923 | D:6      | 11923 ||| FLEEEEING.
 11924 | D:6      | 11924 ||| FLEEEEING.
 12023 | D:6      | 12023 ||| INVOKING Berserk.
 12026 | D:6      | Reached skill level 13 in Axes
 12164 | D:6      | 12164 ||| FLEEEEING.
 12165 | D:6      | 12165 ||| FLEEEEING.
 12166 | D:6      | 12166 ||| FLEEEEING.
 12167 | D:6      | 12167 ||| FLEEEEING.
 12168 | D:6      | 12168 ||| FLEEEEING.
 12169 | D:6      | 12169 ||| FLEEEEING.
 12183 | D:6      | HP: 14/79 [centaur/arrow (7)]
 12187 | D:6      | Shot with an arrow by a centaur

Levels and vault maps discovered:
D:1:      dpeg_arrival_arbitrary_b, layout_basic,
          shapermc_ecumenical_altar_mp_urbaneastern, serial_corexii_hall,
          corexii_hall_statues_u, corexii_hall_statues_l, corexii_hall_statues_l
D:2:      layout_loops_corners, roderic_filled_cross, uniq_natasha, uniq_jessica
D:3:      layout_basic, uniq_terence
D:4:      layout_loops_ring, minmay_temple_entry_offerings,
          ebering_ghost_sewer_d, serial_shops, shop,
          nicolae_inconvenience_store, nicolae_diamond_shop, shop, shop
D:5:      lemuel_ice_spiral_2, layout_basic,
          lemuel_mausoleum_altar_kikubaaqudgha,
          chequers_temple_overflow_statue_of_worship, uniq_crazy_yiuf_cottage,
          uniq_grinder
D:6:      nicolae_whirlpool, layout_basic, biasface_ghost_orc_armoury

Skill      XL: |  1  2  3  4  5  6  7  8  9 |
---------------+----------------------------+-----
Axes           | 4 5 6 7 8 9 10 11 13 | 13.0
Fighting       | 4 7 |  7.1
Armour         | 4 5 |  5.3
Dodging        | 3 |  3.0

Action                   |  1- 3 |  4- 6 |  7- 9 || total
-------------------------+-------+-------+-------++-------
Melee: Hand axe          |    61 |   109 |   212 ||   382
       Headbutt          |     9 |    16 |    44 ||    69
       Punch             |       |       |     3 ||     3
Invok: Berserk           |     3 |     6 |    12 ||    21
       Trog's Hand       |       |       |     1 ||     1
  Use: Scroll            |     4 |     6 |    12 ||    22
       Potion            |     2 |     4 |     3 ||     9
Armor: Animal skin       |     7 |       |       ||     7
       Ring mail         |     3 |    21 |       ||    24
       Chain mail        |       |    20 |   155 ||   175
Dodge: Dodged            |    35 |    53 |   164 ||   252

Table legend:
 A = Non-vault XP
 B = Vault XP
 C = Vault XP percentage of total XP
 D = Non-vault monster count
 E = Vault monster count
 F = Vault count percentage of total count
                 A         B        C        D         E       F
            +---------+---------+-------+---------+---------+-------
      Total |    2371 |    1169 |  33.0 |     104 |      18 |  14.8
            +---------+---------+-------+---------+---------+-------
        D:1 |      29 |       0 |   0.0 |      19 |       0 |   0.0
        D:2 |     138 |      72 |  34.3 |      26 |       2 |   7.1
        D:3 |      22 |      36 |  62.1 |       6 |       1 |  14.3
        D:4 |     747 |       0 |   0.0 |      20 |       0 |   0.0
        D:5 |     967 |     841 |  46.5 |      19 |      13 |  40.6
        D:6 |     468 |     220 |  32.0 |      14 |       2 |  12.5
            +---------+---------+-------+---------+---------+-------
